 Dungeon Crawl Stone Soup version 0.29-a0-234-g0dae59b3db (webtiles) character file.

Game seed: 4100772323233712101

25 Hubjo the Sneak (level 2, -1/21 HPs)
             Began as a Vampire Enchanter on Mar 2, 2022.
             Slain by a frilled lizard (3 damage)
             ... on level 2 of the Dungeon.
             The game lasted 00:01:34 (672 turns).

Hubjo the Sneak (Vampire Enchanter)                  Turns: 672, Time: 00:01:35

Health: -1/21      AC:  2    Str:  7    XL:     2   Next: 82%
Magic:  5/5        EV: 12    Int: 17    God:
Gold:   60         SH:  0    Dex: 14    Spells: 5/5 levels left

rFire   . . .      SeeInvis +   a - +1 dagger
rCold   . . .      Faith    .   (no shield)
rNeg    . . .      Spirit   .   b - +0 robe
rPois   .          Reflect  .   (no helmet)
rElec   .          Harm     .   (no cloak)
rCorr   .          Rampage  .   (no gloves)
Will    .....                   (no boots)
Stlth   +++.......              k - amulet of the acrobat
HPRegen 0.27/turn               h - ring of wizardry
MPRegen 0.09/turn               (no ring)

@: healing quickly
A: alive, fangs 3, see invisible, vampiric 1
a: Exsanguinate


You were on level 2 of the Dungeon.
You visited 1 branch of the dungeon, and saw 2 of its levels.

You collected 60 gold pieces.

Inventory:

Hand Weapons
 a - a +1 dagger (weapon)
Armour
 b - a +0 robe (worn)
Jewellery
 h - a ring of wizardry (left hand)
 k - an amulet of the acrobat (around neck)
Scrolls
 d - 2 scrolls of teleportation {unknown}
 e - a scroll of enchant weapon {unknown}
 f - 3 scrolls of immolation {unknown}
 i - 2 scrolls of identify {unknown}
Potions
 c - a potion of invisibility
 g - a potion of heal wounds {unknown}
 j - 2 potions of curing {unknown}
 l - 2 potions of haste {unknown}


   Skills:
 * Level 1.3 Fighting
 + Level 1.4 Short Blades
 + Level 2.3 Dodging
 * Level 5.0 Stealth
 - Level 2.0 Spellcasting
 + Level 4.5 Hexes


You had 5 spell levels left.
You didn't know any spells.
Your spell library contained the following spells:

 Spells                   Type           Power      Damage    Failure   Level
 Confusing Touch          Hex            17%        N/A       3%          3
 Tukima's Dance           Hex            17%        N/A       3%          3
 Ensorcelled Hibernation  Hex/Ice        18%        N/A       4%          2
 Dazzling Flash           Conj/Hex       18%        N/A       9%          3


Dungeon Overview and Level Annotations

Branches:
Dungeon (2/15)

Altars:

Shops:
D:1 !


Innate Abilities, Weirdness & Mutations

Your natural rate of healing is accelerated.
You have razor-sharp teeth.
You have supernaturally acute eyesight. (SInv)
You are afflicted with vampirism.


Message History

The frilled lizard bites you. The adder barely misses you.
You closely miss the adder.
The adder is heavily wounded.
The adder closely misses you. The frilled lizard bites you.
You barely miss the adder. You bite the adder, but do no damage.
The adder is heavily wounded.
The adder misses you. The frilled lizard barely misses you.
You hit the adder. Your bite misses the adder.
The adder is almost dead.
The adder bites you. The frilled lizard closely misses you.
The adder bites you.
You are too injured to fight recklessly!
You are too injured to fight recklessly!
You are too injured to fight recklessly!
You are too injured to fight recklessly!
You are too injured to fight recklessly!
You are too injured to fight recklessly!
You are too injured to fight recklessly!
You are too injured to fight recklessly!
You are too injured to fight recklessly!
You are too injured to fight recklessly!
You are too injured to fight recklessly!
You are too injured to fight recklessly!
You miss the adder.
The adder is almost dead.
The frilled lizard barely misses you. The adder bites you.
* * * LOW HITPOINT WARNING * * *
You barely miss the adder.
The adder is almost dead.
The frilled lizard bites you.
* * * LOW HITPOINT WARNING * * *
The adder barely misses you.
You miss the adder.
The adder is almost dead.
The adder bites you but does no damage. The frilled lizard bites you.
* * * LOW HITPOINT WARNING * * *
You hit the adder.
You kill the adder!
The frilled lizard bites you.
You die...

#.# ####.#####..#
#)# #.#####..# #.#
#........# #.#
##########.####
###.####.......
#....#
.##...!..........
####.#
...................
#.#
......#............
#.#
.........#.@.......
#.#
##.#..#.##..l......
#####.##
...#..#.##.........
#......# ## #.
......###.###
#.###..# #..<......
.# #.###..#
###.##.##. #
#.##<..# #. #.#
#.##.#># . ..
#......# ####.###


You could see a frilled lizard.

Vanquished Creatures
  An adder (D:2)
  4 endoplasms
  4 hobgoblins
  A kobold (D:2)
  3 quokkas (D:1)
  2 ball pythons (D:1)
  7 bats (D:1)
  A rat (D:1)
23 creatures vanquished.

Notes
Turn   | Place    | Note
-------+----------+-------------------------------------------
     0 | D:1      | Hubjo the Vampire Enchanter began the quest for the Orb.
     0 | D:1      | Reached XP level 1. HP: 13/13 MP: 3/3
   177 | D:1      | Reached XP level 2. HP: 20/20 MP: 5/5
   291 | D:1      | Reached skill level 1 in Fighting
   368 | D:1      | Found Ocheb's Distillery.
   519 | D:1      | Found a faded altar of an unknown god.
   522 | D:1      | Reached skill level 5 in Stealth
   672 | D:2      | Slain by a frilled lizard

Illustrated notes

Levels and vault maps discovered:
D:1:      dpeg_arrival_tiny_d, layout_rooms, serial_shops,
          nicolae_shop_waterfront, ebering_ecumenical_altar_abandoned,
          st_stairs_6, minmay_tetromino_o4
D:2:      layout_loops_cross, basic_altar

Skill      XL: |  1  2 |
---------------+-------+-----
Fighting       | 1 |  1.3
Stealth        | 5 |  5.0
Short Blades   | |  1.4
Dodging        | |  2.3
Spellcasting   | |  2.0
Hexes          | |  4.5

Action                   || total
-------------------------++-------
Melee: Dagger            ||    78
       Bite              ||     5
 Stab: Sleeping          ||     8
Armor: Robe              ||    16
Dodge: Dodged            ||    56

Table legend: (Time is in decaauts)
 A = Elapsed time spent in this place.
 B = Non-inter-level travel time spent in this place.
 C = Inter-level travel time spent in this place.
 D = Time resting spent in this place.
 E = Time spent auto-exploring this place.
 F = Levels seen in this place.
 G = Mean time per level.
                   A        B        C        D        E       F      G
               +--------+--------+--------+--------+--------+-----+--------+
         Total |    666 |    619 |     47 |      0 |    434 |   2 |  333.0 |
       Dungeon |    666 |    619 |     47 |      0 |    434 |   2 |  333.0 |
               +--------+--------+--------+--------+--------+-----+--------+

Top non-repeatable levels by time:
     D:1: 587 daAuts
     D:2: 79 daAuts
